 Dungeon Crawl Stone Soup version 0.29-a0-289-g2178c42546 (webtiles) character file.

Game seed: 3566522612707952945

1030 Dabor the Skirmisher (level 8, 0/60 (67) HPs)
             Began as a Palentonga Fighter on Mar 16, 2022.
             Was an Initiate of Hepliaklqana.
             Slain by Maggie
             ... wielding a +0 morningstar of draining
              (3 damage)
             ... on level 6 of the Dungeon.
             The game lasted 00:07:56 (6057 turns).

Dabor the Skirmisher (Palentonga Fighter)           Turns: 6057, Time: 00:07:57

HP:   0/60 (67)     AC: 17    Str: 21 (22) XL:     8   Next: 3%
MP:   8/8           EV:  8    Int:  8      God:    Hepliaklqana [......]
Gold: 379           SH:  4    Dex: 10      Spells: 7/7 levels left

rFire   . . .      SeeInvis +   a - +0 war axe (flame)
rCold   . . .      Faith    .   c - +0 buckler
rNeg    . . .      Spirit   .   b - +0 scale mail
rPois   .          Reflect  .   u - +0 helmet
rElec   .          Harm     .   e - +1 cloak
rCorr   .          Rampage  .   (no gloves)
Will    .....                   (no barding)
Stlth   ..........              (no amulet)
HPRegen 0.20/turn               (no ring)
MPRegen 0.11/turn               (no ring)

@: heavily drained, invisible, curled up, unable to read
A: large, rugged brown scales 3, see invisible, deformed body, roll 1, armoured
tail, reflexive curl, deterioration 1, inability to read while threatened
a: Rolling Charge, Renounce Religion


You were on level 6 of the Dungeon.
You worshipped Hepliaklqana.
Hepliaklqana was noncommittal.
You visited 2 branches of the dungeon, and saw 7 of its levels.

You collected 379 gold pieces.

Inventory:

Hand Weapons
 a - a +0 war axe of flaming (weapon)
 h - a +1 shortbow of chaos
 r - a +1 vampiric trident
Missiles
 f - a throwing net
Armour
 b - a +0 scale mail (worn)
 c - a +0 buckler (worn)
 e - a +1 cloak (worn)
 u - a +0 helmet (worn)
Wands
 q - a wand of paralysis (1)
Scrolls
 k - 3 scrolls of fear
 l - a scroll of identify
 s - a scroll of enchant weapon {unknown}
 t - a scroll of brand weapon
Potions
 d - a potion of curing
 g - a potion of invisibility
 i - a potion of resistance {unknown}
 j - a potion of attraction {unknown}
 m - a potion of brilliance {unknown}
 n - a potion of lignification {unknown}
 o - a potion of flight
 p - a potion of haste {unknown}


   Skills:
 + Level 5.5 Fighting
 + Level 5.0 Axes
 + Level 4.5 Armour
 + Level 3.5 Dodging
 - Level 2.5 Shields


You had 7 spell levels left.
You didn't know any spells.
Your spell library contained the following spells:

 Spells                   Type           Power      Damage    Failure   Level
 Sublimation of Blood     Necr           0%         N/A       91%         2
 Petrify                  Tmut/Erth      0%         N/A       100%        4
 Irradiate                Conj/Tmut      0%         3d13      100%        5
 Summon Forest            Summ/Tloc      0%         N/A       100%        5
 Summon Mana Viper        Hex/Summ       0%         N/A       100%        5
 Summon Cactus Giant      Summ           0%         N/A       100%        6


Dungeon Overview and Level Annotations

Branches:
Dungeon (6/15)             Temple (1/1) D:5

Altars:
Ashenzari
Cheibriados
Dithmenos
Elyvilon
Fedhas
Gozag
Hepliaklqana
Makhleb
Nemelex Xobeh
Okawaru
Qazlal
Ru
Sif Muna
Trog
Uskayaw
Vehumet
Xom
Yredelemnul
Zin
The Shining One

Shops:
D:1 :

Annotations:
D:6 Maggie


Innate Abilities, Weirdness & Mutations

You are completely covered in rugged brown scales. (AC +3, +7% HP)
You have supernaturally acute eyesight. (SInv)
Armour fits poorly on your strangely shaped body.
You can roll at nearby foes to attack.
You have a long armoured tail.
You curl defensively after being hit. (AC +7*)
Your body sometimes deteriorates upon taking damage.
You sometimes lose the ability to read scrolls when taking damage.


Message History

Maggie is lightly wounded.
Maggie closely misses you.
You barely miss Maggie. You tail-slap Maggie, but do no damage.
Maggie is lightly wounded.
Maggie hits you with a +0 morningstar of draining!
You feel drained. Maggie casts a spell at you. The bolt of fire hits you!!
You feel threatened and lose the ability to read scrolls!
You are too injured to fight recklessly!
You are too injured to fight recklessly!
You are too injured to fight recklessly!
You fade into invisibility!
You block Maggie's attack.
You cannot read scrolls in your current state!
Unknown command.
You slash Maggie! You burn Maggie!
Maggie is heavily wounded.
You can read scrolls again.
Maggie gestures at you while chanting. The bolt of fire hits you!
You feel threatened and lose the ability to read scrolls!
* * * LOW HITPOINT WARNING * * *
You feel better.
Maggie points at you and mumbles some strange words.
The bolt of fire hits you!
* * * LOW HITPOINT WARNING * * *
Your body deteriorates!
You feel weakened.
You feel better. Maggie hits you but does no damage.
You feel drained.
You completely miss Maggie.
Maggie is heavily wounded.
Maggie barely misses you.
You hit Maggie but do no damage.
Maggie is heavily wounded.
Maggie hits you with a +0 morningstar of draining.
* * * LOW HITPOINT WARNING * * *
You feel drained.
* * * LOW HITPOINT WARNING * * *
Maggie hits you with a +0 morningstar of draining.
You die...

### ..# #.#
# #.# #. #.#
#.###.##.#
#...@<...##
#..@.......#
##.##.######
#. #.# #.
#.# #. #.#
.. ..# #.
... ##


You could see Maggie (can't see you).

Vanquished Creatures
  Eustachio (D:5)
  2 ice beasts
  A black bear (D:4)
  An ogre (D:5)
  A centaur (D:4)
  Blork the orc (D:5)
  2 scorpions
  2 hounds
  Ijyb (D:5)
  An iguana (D:4)
  An orc wizard (D:5)
  5 adders
  An ufetubus (D:5)
  3 worms
  A dart slug (D:3)
  11 orcs
  5 endoplasms
  4 giant cockroaches
  7 hobgoblins
  8 kobolds
  3 quokkas
  5 bats
  5 frilled lizards
  7 goblins
  6 rats
85 creatures vanquished.

Notes
Turn   | Place    | Note
-------+----------+-------------------------------------------
     0 | D:1      | Dabor the Palentonga Fighter began the quest for the Orb.
     0 | D:1      | Reached XP level 1. HP: 19/19 MP: 1/1
   295 | D:1      | Reached XP level 2. HP: 20/25 MP: 2/2
   528 | D:1      | Found Vyamos's Book Shoppe.
  1020 | D:2      | Reached XP level 3. HP: 12/31 MP: 3/3
  1279 | D:2      | Found a faded altar of an unknown god.
  1865 | D:2      | Prayed at the altar of an unknown god.
  1865 | D:2      | Became a worshipper of Xom of Chaos
  2292 | D:3      | XOM: silly message
  2342 | D:3      | Noticed an ice beast
  2344 | D:3      | XOM: enchant monster (good)
  2357 | D:3      | Killed an ice beast
  2358 | D:3      | Reached skill level 1 in Dodging
  2358 | D:3      | Reached XP level 4. HP: 15/39 MP: 4/4
  2358 | D:3      | Reached XP level 5. HP: 17/44 MP: 5/5
  2661 | D:3      | XOM: scenery: summon butterflies
  3300 | D:4      | Noticed an ice beast
  3308 | D:4      | XOM: god gift: ring mail {god gift}
  3312 | D:4      | Killed an ice beast
  3602 | D:4      | Reached XP level 6. HP: 49/51 MP: 6/6
  3802 | D:4      | XOM: god gift: glowing shortbow {god gift}
  4149 | D:4      | XOM: 2-stop teleportation journey
  4233 | D:4      | Gained mutation: You curl defensively after being hit. (AC
                  | +7*) [Palentonga growth]
  4233 | D:4      | Reached XP level 7. HP: 51/58 MP: 7/7
  4562 | D:4      | XOM: god gift: 46 gold pieces
  4598 | D:5      | Entered Level 5 of the Dungeon
  4742 | D:5      | Noticed Ijyb
  4750 | D:5      | Paralysed by Ijyb for 7 turns
  4757 | D:5      | Killed Ijyb
  4769 | D:5      | Reached skill level 5 in Fighting
  4841 | D:5      | Found a staircase to the Ecumenical Temple.
  4849 | D:5      | Noticed Eustachio
  4862 | D:5      | XOM: smoke on damage
  4867 | D:5      | Killed Eustachio
  4917 | D:5      | XOM: god gift: 4 silver boomerangs
  5000 | Temple   | Entered the Ecumenical Temple
  5013 | Temple   | XOM: 5-stop teleportation journey
  5242 | Temple   | Fell from the grace of Xom
  5242 | Temple   | Became a worshipper of Hepliaklqana the Forgotten
  5394 | D:5      | Noticed Blork the orc
  5403 | D:5      | Killed Blork the orc
  5575 | D:5      | Found a sparkling altar of Nemelex Xobeh.
  5590 | D:5      | Reached skill level 5 in Axes
  5590 | D:5      | Reached XP level 8. HP: 16/67 MP: 8/8
  5610 | D:5      | XOM: give mutations
  5610 | D:5      | Gained mutation: You sometimes lose the ability to read
                  | scrolls when taking damage. [Xom's mischief]
  5610 | D:5      | Gained mutation: Your body sometimes deteriorates upon
                  | taking damage. [Xom's mischief]
  5749 | D:5      | XOM: summons 4 hostile shadow creatures
  6043 | D:6      | Noticed Maggie
  6054 | D:6      | HP: 2/63 [Maggie/bolt of fire (11)]
  6057 | D:6      | Slain by Maggie

Illustrated notes

Levels and vault maps discovered:
D:1:      erik_arrival_triangle_small, layout_loops_ring, serial_shops, shop
D:2:      layout_basic, shapermc_ecumenical_altar_flowoftime,
          minmay_pentomino_pile
D:3:      layout_loops_ring, serial_co_window_serial, co_window_paths_a,
          co_window_paths_b, co_window_of_opportunity_a, co_window_paths_a,
          co_window_paths_a, co_window_corner_a, co_window_corner_a,
          co_window_corner_b, co_window_corner_ca, co_window_2corner,
          co_window_unsneaky_path_a, glass_columns_c, glass_columns_a,
          glass_columns_c, glass_columns_c, glass_columns_a
D:4:      black_bear_nest_1, layout_loops_corners
D:5:      layout_rooms, nemelex_dance_club_becter, minmay_temple_entry_slanted,
          corexii_leaking_fountain, uniq_eustachio, uniq_ijyb,
          uniq_blork_the_orc
D:6:      layout_loops_ring, uniq_crazy_yiuf_cottage, uniq_maggie
Temple:   dpeg_five_rooms_temple

Skill      XL: |  1  2  3  4  5  6  7 |
---------------+----------------------+-----
Axes           | 3 4 5 |  5.0
Armour         | 3 4 |  4.5
Dodging        | 1 2 3 |  3.5
Fighting       | 4 5 |  5.5
Shields        | |  2.5

Action                   |  1- 3 |  4- 6 |  7- 9 || total
-------------------------+-------+-------+-------++-------
Melee: War axe           |   107 |    79 |   108 ||   294
       Tailslap          |     3 |     7 |    11 ||    21
 Abil: Rolling Charge    |     5 |    13 |    12 ||    30
  Use: Potion            |     2 |     1 |     3 ||     6
       Scroll            |       |     9 |       ||     9
 Stab: Paralysed         |     7 |       |       ||     7
Armor: Scale mail        |    78 |    50 |    76 ||   204
Dodge: Dodged            |    56 |    36 |    54 ||   146
Block: Buckler           |    16 |    14 |    22 ||    52

Table legend: (Time is in decaauts)
 A = Elapsed time spent in this place.
 B = Non-inter-level travel time spent in this place.
 C = Inter-level travel time spent in this place.
 D = Time resting spent in this place.
 E = Time spent auto-exploring this place.
 F = Levels seen in this place.
 G = Mean time per level.
                   A        B        C        D        E       F      G
               +--------+--------+--------+--------+--------+-----+--------+
         Total |   6160 |   5944 |    216 |   1063 |   4092 |   7 |  880.0 |
       Dungeon |   5882 |   5737 |    145 |   1063 |   3901 |   6 |  980.3 |
        Temple |    277 |    206 |     71 |      0 |    191 |   1 |  277.0 |
               +--------+--------+--------+--------+--------+-----+--------+

Top non-repeatable levels by time:
     D:3: 1425 daAuts
     D:4: 1326 daAuts
     D:5: 1194 daAuts
     D:2: 963 daAuts
     D:1: 956 daAuts
  Temple: 277 daAuts
     D:6: 16 daAuts
